[Event "Titled Tuesday Blitz October 04 Late 2022"]
[White "Barria Zuniga, Daniel"]
[Black "Indjic, Aleksandar"]
[WhiteFideId "3400816"]
[BlackFideId "911925"]
[WhiteElo "2414"]
[BlackElo "2592"]
[Result "0-1"]
[Round "08"]
[TimeControl "180+1"]
[Date "2022.10.04"]
[WhiteClock "0:00:03"]
[BlackClock "0:00:36"]

1. d4 Nf6 2. c4 c5 3. d5 e6 4. Nc3 exd5 5. cxd5 d6 6. e4 g6 7. h3 Bg7 8. Nf3 O-O 9. Bd3 Re8 10. O-O Nbd7 11. Re1 Ne5 12. Nxe5 Rxe5 13. f4 Re8 14. Qf3 Nd7 15. Be3 a6 16. a4 Rb8 17. Bf2 Qa5 18. Re2 b5 19. Rae1 c4 20. Bb1 b4 21. Nd1 Bb7 22. Ne3 Rbc8 23. Ng4 h5 24. Ne3 Qxa4 25. e5 dxe5 26. f5 e4 27. Bxe4 Ne5 28. Qg3 Nd3 29. fxg6 Rxe4 30. gxf7+ Kxf7 31. Nf5 Be5 32. Nh6+ Kf6 33. Qf3+ Rf4 34. Qxh5 Qe8 35. Ng4+ Rxg4 36. Qxg4 Qg6 37. Qe6+ Kg7 38. Rxe5 Qxe6 39. dxe6 Nxe5 40. Rxe5 c3 41. bxc3 bxc3 42. e7 c2 43. Bd4 Kf7 44. Re1 Ke8 45. Bb2 Rc5 46. Ba3 Rg5 47. g4 Ra5 48. Bc1 Rd5 49. Kf2 Rd3 50. h4 Rf3+ 51. Ke2 Rh3 52. h5 Bf3+ 53. Kd2 Bxg4 54. Kxc2 Bxh5 55. Kb2 Rh2+ 56. Kc3 Rh3+ 0-1


[Site "https://www.chess.com"]

[Event "Titled Tuesday Blitz October 04 Late 2022"]
[White "Bilych, Olexiy"]
[Black "Howell, David W L"]
[WhiteFideId "14156504"]
[BlackFideId "410608"]
[WhiteElo "2320"]
[BlackElo "2567"]
[Result "0-1"]
[Round "08"]
[TimeControl "180+1"]
[Date "2022.10.04"]
[WhiteClock "0:00:06"]
[BlackClock "0:00:03"]

1. e4 d5 2. exd5 Qxd5 3. Nc3 Qa5 4. d4 c6 5. Nf3 Bg4 6. h3 Bh5 7. g4 Bg6 8. Ne5 e6 9. h4 Nf6 10. Bd2 Qc7 11. Bg2 Bd6 12. f4 h5 13. g5 Bxe5 14. dxe5 Ng4 15. Ne4 Bxe4 16. Bxe4 Na6 17. Qe2 Nc5 18. Bf3 O-O-O 19. O-O-O g6 20. Bxg4 hxg4 21. Be3 Qa5 22. a3 g3 23. Rxd8+ Rxd8 24. Qf3 Na4 25. Qe4 Qb5 26. b3 Nc3 27. Qc4 g2 28. Re1 Qa5 29. Qb4 Na2+ 30. Kb2 Nxb4 0-1


[Site "https://www.chess.com"]

[Event "Titled Tuesday Blitz October 04 Late 2022"]
[White "Bortnyk, Olexandr"]
[Black "Kamsky, Gata"]
[WhiteFideId "14120828"]
[BlackFideId "2000024"]
[WhiteElo "2723"]
[BlackElo "2666"]
[Result "1-0"]
[Round "08"]
[TimeControl "180+1"]
[Date "2022.10.04"]
[WhiteClock "0:00:02"]
[BlackClock "0:00:01"]

1. e4 c5 2. c3 Nf6 3. e5 Nd5 4. d4 cxd4 5. Nf3 Nc6 6. cxd4 d6 7. Bc4 dxe5 8. Nxe5 e6 9. O-O Nxe5 10. dxe5 Nb6 11. Bd3 Bd7 12. Nc3 Bc6 13. Qe2 Bb4 14. Rd1 Qh4 15. Ne4 h6 16. Bb5 Rd8 17. Bxc6+ bxc6 18. Rxd8+ Qxd8 19. h3 Qd4 20. Bf4 Nd5 21. Bg3 O-O 22. Rd1 Qb6 23. Rd3 Be7 24. b3 Rd8 25. Nd6 Rd7 26. Kh2 Bf8 27. Qg4 a5 28. Qc4 c5 29. Qa4 Rd8 30. Qg4 Qb4 31. Qh5 Rd7 32. Qd1 Ra7 33. a4 Ra8 34. Nxf7 c4 35. bxc4 Qxc4 36. Nd6 Qa2 37. Qg4 Nb4 38. Rf3 Qd5 39. Rf6 Nd3 40. Qxe6+ Qxe6 41. Rxe6 Nc5 42. Rg6 Nxa4 43. Nf5 Kh7 44. Rc6 Re8 45. e6 Bb4 46. Rc7 Rxe6 47. Rxg7+ Kh8 48. Ra7 Nb6 49. Nd4 1-0


[Site "https://www.chess.com"]

[Event "Titled Tuesday Blitz October 04 Late 2022"]
[White "Brodowski, Piotr"]
[Black "Vasquez Schroeder, Rodrigo"]
[WhiteFideId "1124480"]
[BlackFideId "3400042"]
[WhiteElo "2361"]
[BlackElo "2577"]
[Result "0-1"]
[Round "08"]
[TimeControl "180+1"]
[Date "2022.10.04"]
[WhiteClock "0:01:06"]
[BlackClock "0:01:36"]

1. Nf3 c5 2. g3 b6 3. Bg2 Bb7 4. O-O Nf6 5. c4 e6 6. Nc3 a6 7. e3 d6 8. d4 Qc7 9. d5 exd5 10. cxd5 Be7 11. a4 O-O 12. e4 Nbd7 13. Re1 Rfe8 14. Nd2 Bf8 15. Nc4 Ne5 16. Nxe5 Rxe5 17. f4 Ree8 18. e5 dxe5 19. d6 Bxd6 20. Bxb7 Qxb7 21. Qxd6 Rad8 22. Qxd8 Rxd8 23. fxe5 Nd5 24. Ne4 Nb4 25. Bf4 Nc2 26. Rad1 Rxd1 27. Rxd1 h6 28. Rd8+ Kh7 29. Nd6 Qf3 30. Nxf7 Nd4 31. h4 Ne2+ 32. Kh2 Nxf4 33. e6 Qg2# 0-1


[Site "https://www.chess.com"]

[Event "Titled Tuesday Blitz October 04 Late 2022"]
[White "Bryakin, Mikhail"]
[Black "Sorokin, Aleksey"]
[WhiteFideId "4165314"]
[BlackFideId "24176460"]
[WhiteElo "2367"]
[BlackElo "2476"]
[Result "1/2-1/2"]
[Round "08"]
[TimeControl "180+1"]
[Date "2022.10.04"]
[WhiteClock "0:00:37"]
[BlackClock "0:00:26"]

1. d4 Nf6 2. Nc3 d5 3. Bf4 e6 4. Nb5 Na6 5. e3 Be7 6. Nf3 O-O 7. Bd3 c6 8. Nc3 Nb4 9. O-O Nxd3 10. cxd3 b6 11. Ne5 Bb7 12. h3 Nd7 13. Ne2 Nxe5 14. Bxe5 c5 15. Rc1 Qd7 16. Qd2 Rac8 17. Rc2 f6 18. Bg3 cxd4 19. Nxd4 e5 20. Ne2 Rxc2 21. Qxc2 Rc8 22. Qd2 d4 23. e4 a5 24. f4 Bb4 25. Qd1 Qe6 26. fxe5 fxe5 27. a3 Bd6 28. Qd2 h6 29. Bh4 Rf8 30. Rxf8+ Bxf8 31. Be1 Qc6 32. Ng3 Bc8 33. Qe2 Qc1 34. Nf5 g6 35. Nh4 Kg7 36. Nf3 Bd6 37. Qd2 Qxd2 38. Bxd2 Ba6 39. Ne1 h5 40. g4 hxg4 41. hxg4 Kf7 42. Kf2 Ke6 43. g5 Bc8 44. Ke2 Kd7 45. Kd1 Kc6 46. Kc2 Bg4 47. Ng2 Kb5 48. Nh4 Bh5 49. Bc1 Kc6 50. Bd2 a4 51. Be1 b5 52. Bb4 Bxb4 53. axb4 Kd6 54. Ng2 Ke6 55. Kd2 Kd6 56. Ne1 Bg4 57. Nc2 Kc6 58. Na3 Be6 59. Kc1 Bg4 60. Nb1 Be6 61. Nd2 Kd6 62. Kc2 Kc6 63. Nf3 Kd6 64. Nh4 Bf7 65. Nf3 Be6 66. Nh2 Bb3+ 67. Kc1 Be6 68. Nf1 Bg4 69. Nd2 Be6 70. Nf3 Bg4 71. Nh4 Bh5 72. Kc2 Ke6 73. Ng2 Kd6 74. Ne1 Bg4 75. b3 axb3+ 76. Kxb3 Be6+ 77. Kc2 Bg4 78. Kd2 Kc6 79. Nc2 Be6 80. Na1 Kd6 81. Kc1 Kc6 82. Kb2 Kd6 83. Nc2 Bg4 84. Kc1 Kc6 85. Na1 Be6 86. Kd2 Kd6 87. Nc2 Kc6 88. Na3 Bd7 89. Ke2 Be6 90. Kf2 Bb3 91. Ke2 Be6 92. Nb1 Bg4+ 93. Ke1 Be6 94. Nd2 Kd6 95. Nf3 Bg4 96. Nh4 Bh5 97. Kd2 Ke6 98. Kc2 Kd6 99. Ng2 Ke6 100. Ne1 Kd6 101. Kb2 Bg4 102. Nc2 Be6 103. Kc1 Kc6 104. Na3 Bg4 105. Nb1 Be6 106. Nd2 Kd6 107. Kb2 Kc6 108. Kc2 Kd6 109. Nf3 Bg4 110. Ne1 1/2-1/2


[Site "https://www.chess.com"]

[Event "Titled Tuesday Blitz October 04 Late 2022"]
[White "Demidov, Mikhail"]
[Black "Amburgy, Ryan"]
[WhiteFideId "4197143"]
[BlackFideId "30924820"]
[WhiteElo "2520"]
[BlackElo "2121"]
[Result "1-0"]
[Round "08"]
[TimeControl "180+1"]
[Date "2022.10.04"]
[WhiteClock "0:01:19"]
[BlackClock "0:01:02"]

1. Nf3 d5 2. d4 Nf6 3. Bf4 Bg4 4. Ne5 Bf5 5. c4 Nbd7 6. Nc3 dxc4 7. Nxc4 e6 8. f3 Bb4 9. e4 Bg6 10. Be2 O-O 11. O-O Nb6 12. Be3 Re8 13. a3 Bxc3 14. bxc3 Qe7 15. Ne5 Nfd7 16. Nxg6 hxg6 17. a4 c5 18. a5 Nc8 19. Qb3 b6 20. axb6 Ncxb6 21. Ra5 cxd4 22. cxd4 Rec8 23. Rfa1 Rc7 24. Bf1 e5 25. dxe5 Nxe5 26. Bxb6 Rb7 27. Bc5 Rxb3 28. Bxe7 Nc6 29. R5a3 Rab8 30. Bd6 R8b7 31. Rxb3 Rxb3 32. Rc1 Nd4 33. Bc5 Ne6 34. Bxa7 Rb2 35. Be3 Ra2 36. Bc4 Rb2 37. Bxe6 fxe6 38. Rc8+ Kf7 39. Rc7+ Kf8 40. Bc5+ Kg8 41. Rxg7+ 1-0


[Site "https://www.chess.com"]

[Event "Titled Tuesday Blitz October 04 Late 2022"]
[White "Gubajdullin, Alexei"]
[Black "Rustemov, Alexander"]
[WhiteFideId "4141202"]
[BlackFideId "4119002"]
[WhiteElo "2200"]
[BlackElo "2781"]
[Result "1-0"]
[Round "08"]
[TimeControl "180+1"]
[Date "2022.10.04"]
[WhiteClock "0:00:29"]
[BlackClock "0:00:05"]

1. d4 g6 2. Nf3 Bg7 3. Bf4 c5 4. e4 cxd4 5. Bc4 Nc6 6. O-O d6 7. c3 dxc3 8. Nxc3 Nf6 9. Ng5 O-O 10. Qb3 e6 11. Rad1 Na5 12. Qa4 Nxc4 13. Qxc4 d5 14. exd5 exd5 15. Nxd5 Be6 16. Nxe6 fxe6 17. Nc7 Nd5 18. Nxd5 exd5 19. Rxd5 Rc8 20. Qb3 Qe8 21. Rd7+ Rf7 22. Rxb7 a5 23. h4 a4 24. Qd5 Rc2 25. b3 axb3 26. axb3 Bf8 27. b4 Rb2 28. b5 Rb4 29. Bd2 Rb2 30. Re1 Rxd2 31. Qxd2 Qxe1+ 32. Qxe1 Rxb7 33. Qe6+ Kg7 34. Qe5+ Kh6 35. Qg5+ Kg7 36. Qe5+ Kh6 37. Qd5 Re7 38. b6 Re1+ 39. Kh2 Rb1 40. b7 Be7 41. g3 Kg7 42. Qe5+ Bf6 43. b8=Q Bxe5 44. Qxb1 Kf7 45. Qb7+ Kg8 46. Kg2 h5 47. Kf3 Bf6 48. Ke4 1-0


[Site "https://www.chess.com"]

[Event "Titled Tuesday Blitz October 04 Late 2022"]
[White "Holt, Conrad"]
[Black "Gunduz, Umut Erdem"]
[WhiteFideId "2034387"]
[BlackFideId "6381383"]
[WhiteElo "2592"]
[BlackElo "2182"]
[Result "1-0"]
[Round "08"]
[TimeControl "180+1"]
[Date "2022.10.04"]
[WhiteClock "0:00:12"]
[BlackClock "0:00:03"]

1. d4 Nf6 2. c4 c6 3. Nc3 d5 4. e3 e6 5. Bd3 Be7 6. b3 O-O 7. Nf3 b6 8. O-O Bb7 9. Bb2 Nbd7 10. Qe2 c5 11. Rfd1 cxd4 12. exd4 dxc4 13. bxc4 Re8 14. Rac1 Rc8 15. Ne5 Qc7 16. Nb5 Qb8 17. Bxh7+ Kxh7 18. Nxf7 Qf4 19. g3 Bf3 20. Qxf3 Qxf3 21. Ng5+ Kg6 22. Nxf3 a6 23. Na3 Ne4 24. Re1 Kf5 25. Kg2 Bb4 26. Re2 Nd6 27. Nc2 Ba5 28. Ne3+ Kg6 29. Ba3 Ne4 30. Ng4 Nc3 31. Rec2 Na4 32. Nge5+ Nxe5 33. Nxe5+ Kf6 34. Nd7+ Kf7 35. Ne5+ Kf6 36. h4 Red8 37. Nf3 Rc6 38. h5 Rdc8 39. Ne5 R6c7 40. Bd6 Rb7 41. Rh1 Rd8 42. c5 bxc5 43. dxc5 Bc7 44. Nc6 Rd7 45. Rd1 Nxc5 46. Be7+ Kf7 47. Rxd7 Nxd7 48. Bd8 e5 49. Bxc7 Rxc7 50. Nxe5+ Nxe5 51. Rxc7+ Ke6 52. Ra7 1-0


[Site "https://www.chess.com"]

[Event "Titled Tuesday Blitz October 04 Late 2022"]
[White "Hristodoulou, Panagiotis"]
[Black "Urazayev, Arystanbek"]
[WhiteFideId "4214340"]
[BlackFideId "13709810"]
[WhiteElo "2272"]
[BlackElo "2441"]
[Result "1-0"]
[Round "08"]
[TimeControl "180+1"]
[Date "2022.10.04"]
[WhiteClock "0:00:32"]
[BlackClock "0:00:02"]

1. e4 e5 2. Nf3 Nc6 3. Bc4 Bc5 4. O-O Nf6 5. d3 d6 6. c3 a6 7. a4 Ba7 8. Re1 h6 9. Nbd2 O-O 10. h3 Re8 11. b4 Be6 12. Bxe6 Rxe6 13. Qc2 Nh5 14. Nf1 Ne7 15. g3 Nf6 16. Kg2 d5 17. Be3 Bb8 18. Bc5 Ng6 19. a5 c6 20. Ne3 Bc7 21. Nf5 Nd7 22. Be3 Ne7 23. g4 Kh7 24. Kh1 Ng8 25. Rg1 g6 26. Ng3 Qf6 27. Qe2 Qe7 28. g5 d4 29. Bc1 dxc3 30. gxh6 f6 31. Nh4 Nf8 32. Ngf5 Qf7 33. Be3 g5 34. Bxg5 fxg5 35. Rxg5 Nxh6 36. Rag1 Qf6 37. Qh5 c2 38. Rg7+ Kh8 39. Rg8+ Kh7 40. R1g7+ Qxg7 41. Rxg7+ Kh8 42. Rg1 Nh7 43. Nxh6 Rf8 44. Nf7+ Rxf7 45. Qxf7 Rg6 46. Nxg6# 1-0


[Site "https://www.chess.com"]

[Event "Titled Tuesday Blitz October 04 Late 2022"]
[White "Ibarra Jerez, Jose Carlos"]
[Black "Duda, Jan-Krzysztof"]
[WhiteFideId "2226332"]
[BlackFideId "1170546"]
[WhiteElo "2627"]
[BlackElo "2779"]
[Result "0-1"]
[Round "08"]
[TimeControl "180+1"]
[Date "2022.10.04"]
[WhiteClock "0:00:01"]
[BlackClock "0:00:03"]

1. Nf3 c5 2. g3 d5 3. Bg2 Nc6 4. d4 cxd4 5. Nxd4 e5 6. Nxc6 bxc6 7. c4 Be6 8. Qa4 Bd7 9. O-O Nf6 10. Bg5 Be7 11. Nc3 d4 12. Bxf6 gxf6 13. Bxc6 Rc8 14. Bxd7+ Qxd7 15. Qxd7+ Kxd7 16. Nd5 Rxc4 17. e3 Rhc8 18. Rad1 Bc5 19. Nxf6+ Ke7 20. Nd5+ Ke6 21. exd4 Bxd4 22. Ne3 Ra4 23. Rc1 Rxc1 24. Rxc1 Rxa2 25. Rc6+ Kd7 26. Rf6 Rxb2 27. Rxf7+ Kc6 28. Rxh7 a5 29. Nc4 Rxf2 30. Nxa5+ Kb5 31. Nb3 Be3 32. Kh1 Kc4 33. Na5+ Kd3 34. Nc6 e4 35. Rd7+ Ke2 36. Nd4+ Kf1 37. Re7 Rg2 38. h4 Bxd4 39. Rxe4 Bf2 0-1


[Site "https://www.chess.com"]

[Event "Titled Tuesday Blitz October 04 Late 2022"]
[White "Ivanisevic, Ivan"]
[Black "Guzman, Christopher"]
[WhiteFideId "912417"]
[BlackFideId "6405096"]
[WhiteElo "2582"]
[BlackElo "2272"]
[Result "1-0"]
[Round "08"]
[TimeControl "180+1"]
[Date "2022.10.04"]
[WhiteClock "0:00:55"]
[BlackClock "0:02:08"]

1. d4 Nf6 2. c4 e6 3. Nc3 Bb4 4. Nf3 O-O 5. Bg5 h6 6. Bh4 Re8 7. e3 d5 8. a3 Be7 9. Qc2 Nbd7 10. cxd5 exd5 11. Bd3 c6 12. O-O a6 13. h3 Bd6 14. Rfe1 Nf8 15. e4 dxe4 16. Nxe4 Be7 17. Nxf6+ Bxf6 18. Rxe8 Qxe8 19. Bxf6 gxf6 20. Re1 Be6 21. Qd2 Kg7 22. Nh4 Qd7 23. Re3 Ng6 24. Rg3 f5 25. Qf4 Rd8 26. Bxf5 Qd6 27. Nxg6 fxg6 28. Rxg6+ Kf7 29. Qxh6 1-0


[Site "https://www.chess.com"]

[Event "Titled Tuesday Blitz October 04 Late 2022"]
[White "Jobava, Baadur"]
[Black "Hambleton, Aman"]
[WhiteFideId "13601520"]
[BlackFideId "2606577"]
[WhiteElo "2582"]
[BlackElo "2538"]
[Result "1-0"]
[Round "08"]
[TimeControl "180+1"]
[Date "2022.10.04"]
[WhiteClock "0:02:08"]
[BlackClock "0:00:01"]

1. e4 c5 2. c3 Nf6 3. e5 Nd5 4. Nf3 e6 5. g3 d6 6. exd6 Bxd6 7. Bg2 Nc6 8. O-O O-O 9. d4 cxd4 10. Nxd4 Nxd4 11. Qxd4 Qc7 12. c4 Nf6 13. Nc3 a6 14. Rd1 Bc5 15. Bf4 Qe7 16. Bd6 Bxd6 17. Qxd6 Qxd6 18. Rxd6 Rb8 19. Rad1 e5 20. c5 Bg4 21. R1d2 Rfc8 22. b4 a5 23. b5 Kf8 24. Na4 Ke7 25. f4 Bd7 26. fxe5 Bxb5 27. exf6+ gxf6 28. Nc3 Rxc5 29. Nxb5 Rxb5 30. Rd7+ Kf8 31. Bd5 Rb1+ 32. Kg2 Kg7 33. Rxf7+ Kg6 34. Be4+ Kxf7 35. Bxb1 b5 36. Bxh7 a4 37. Bf5 b4 38. Rd7+ Kg8 39. Ra7 b3 40. Rxa4 b2 41. Bb1 Kf8 42. Rd4 1-0


[Site "https://www.chess.com"]

[Event "Titled Tuesday Blitz October 04 Late 2022"]
[White "Kollars, Dmitrij"]
[Black "Harvey, Marcus R"]
[WhiteFideId "12909572"]
[BlackFideId "400092"]
[WhiteElo "2584"]
[BlackElo "2457"]
[Result "1-0"]
[Round "08"]
[TimeControl "180+1"]
[Date "2022.10.04"]
[WhiteClock "0:02:28"]
[BlackClock "0:01:11"]

1. e4 c6 2. d4 d5 3. e5 Bf5 4. Nf3 e6 5. Be2 c5 6. c3 Nc6 7. O-O cxd4 8. cxd4 Nge7 9. Nh4 h6 10. Nxf5 Nxf5 11. Be3 Be7 12. Bg4 Nxe3 13. fxe3 Bg5 14. Qf3 O-O 15. Nc3 a6 16. Kh1 Rc8 17. Rf2 Rc7 18. Raf1 g6 19. Bxe6 1-0


[Site "https://www.chess.com"]

[Event "Titled Tuesday Blitz October 04 Late 2022"]
[White "Kravtsiv, Martyn"]
[Black "Sokolovsky, Yahli"]
[WhiteFideId "14113147"]
[BlackFideId "2820242"]
[WhiteElo "2694"]
[BlackElo "2316"]
[Result "1-0"]
[Round "08"]
[TimeControl "180+1"]
[Date "2022.10.04"]
[WhiteClock "0:00:07"]
[BlackClock "0:00:03"]

1. e4 g6 2. d4 Bg7 3. Nc3 d6 4. f4 Nc6 5. Nf3 Bg4 6. Be3 e5 7. dxe5 dxe5 8. Bb5 exf4 9. Bxf4 Ne7 10. Qxd8+ Rxd8 11. Bxc7 Rc8 12. Bd6 a6 13. Bd3 Bxf3 14. gxf3 Ne5 15. O-O Nc4 16. Bxc4 Rxc4 17. Rad1 Bxc3 18. bxc3 Nc6 19. Rd3 f6 20. Rfd1 Kf7 21. Bg3 Re8 22. a3 Ra4 23. Bd6 Rc4 24. Kf2 Na7 25. Bb4 f5 26. Rd7+ Kf6 27. Rxb7 Nc6 28. Rd6+ Kg5 29. Rc7 Ne5 30. Rxc4 Nxc4 31. Rd4 Nb6 32. c4 fxe4 33. fxe4 Nc8 34. Ke3 Kf6 35. Rd7 Ke6 36. Rxh7 Nb6 37. Rc7 Nd7 38. Rc6+ Kf7 39. Rxa6 Ne5 40. c5 Rc8 41. Kf4 Nc4 42. c6 Ke6 43. c7+ Kd7 44. Rxg6 Kxc7 45. h4 Rd8 46. h5 Rd1 47. h6 Rf1+ 48. Kg5 Rh1 49. Kf6 Ne3 50. Kg7 Kd7 51. h7 Ke8 52. h8=Q+ Rxh8 53. Kxh8 Nc4 54. Kg7 Kd7 55. Rd6+ Ke8 56. Re6+ Kd7 57. Re7+ Kd8 58. e5 Nb6 59. e6 Nd5 60. Rd7+ Ke8 61. Re7+ Kd8 62. Rf7 Kc8 63. Rf8+ Kc7 64. e7 Nf4 65. e8=R Ne6+ 66. Rxe6 Kd7 67. Ref6 Kc7 68. Kh7 Kd7 69. Rg8 1-0


[Site "https://www.chess.com"]

[Event "Titled Tuesday Blitz October 04 Late 2022"]
[White "Le, Tuan Minh"]
[Black "Pichot, Alan"]
[WhiteFideId "12401153"]
[BlackFideId "110973"]
[WhiteElo "2530"]
[BlackElo "2578"]
[Result "0-1"]
[Round "08"]
[TimeControl "180+1"]
[Date "2022.10.04"]
[WhiteClock "0:00:02"]
[BlackClock "0:00:03"]

1. d4 Nf6 2. Nf3 d5 3. Bf4 c5 4. c3 Qb6 5. Qc2 Nc6 6. e3 g6 7. Nbd2 Bf5 8. dxc5 Qxc5 9. Qb3 Bc8 10. Be2 Bg7 11. O-O O-O 12. Rac1 Nh5 13. Bg5 h6 14. Bh4 g5 15. Bg3 Nxg3 16. hxg3 Rd8 17. Rfd1 Qb6 18. Qc2 Bg4 19. Nb3 e6 20. Ne1 Bxe2 21. Qxe2 Ne5 22. Nd4 Nc4 23. Rb1 Rac8 24. Ndf3 Qa6 25. a3 Qb6 26. Nd3 Nd6 27. Nde1 Ne4 28. Nd2 Nd6 29. g4 Qa6 30. Nd3 Ne4 31. Nf1 Qc4 32. Qe1 b5 33. Nh2 a5 34. Nf3 Nc5 35. Nxc5 Qxc5 36. Nd4 Rb8 37. Rbc1 Rdc8 38. Qe2 b4 39. axb4 axb4 40. g3 Qc4 41. Qd2 bxc3 42. Rxc3 Qa2 43. Rxc8+ Rxc8 44. b4 Qxd2 45. Rxd2 Rc1+ 46. Kg2 Rb1 47. Nc6 Bf8 48. Ra2 Bd6 49. Ra7 Rb2 50. Rb7 Kg7 51. b5 Kf6 52. b6 Bc5 53. Nd8 Be7 54. Nc6 Bc5 55. Kf3 Rxb6 56. Rc7 Bd6 57. Rc8 Rb3 58. Nd4 Rb2 59. Rc6 Bb4 60. Kg2 Be1 61. Nc2 Ba5 62. f4 Bd2 63. Kf3 Bc1 64. Ne1 Bd2 65. Nd3 Rb3 66. Ke2 Ba5 67. Ra6 Bc7 68. Ra7 Bd6 69. Rd7 Rb6 70. Kf3 Kg6 71. Rd8 h5 72. Rg8+ Kh7 73. Rxg5 hxg4+ 74. Rxg4 Rb3 75. Rh4+ Kg7 76. Ke2 Ra3 77. Rh1 Ra2+ 78. Kf3 Ra3 79. Rd1 Kf6 80. g4 Kg6 81. g5 Kf5 82. Nf2 Bc5 83. Ng4 d4 84. Nh6+ Kg6 85. Kg4 dxe3 86. Rc1 e2 87. Re1 Re3 88. Kh4 Bb4 89. f5+ exf5 90. Rb1 e1=Q+ 0-1


[Site "https://www.chess.com"]

[Event "Titled Tuesday Blitz October 04 Late 2022"]
[White "Machidon, Cristi"]
[Black "Leiva, Gianmarco"]
[WhiteFideId "13904590"]
[BlackFideId "3804399"]
[WhiteElo "2312"]
[BlackElo "2285"]
[Result "1-0"]
[Round "08"]
[TimeControl "180+1"]
[Date "2022.10.04"]
[WhiteClock "0:00:12"]
[BlackClock "0:00:02"]

1. d4 Nf6 2. c4 e6 3. Nc3 Bb4 4. e3 O-O 5. Bd3 d5 6. Nf3 dxc4 7. Bxc4 c5 8. O-O cxd4 9. exd4 b6 10. Ne5 Bb7 11. Bg5 h6 12. Bh4 Be7 13. Re1 Nc6 14. Bxf6 Bxf6 15. Nxc6 Bxc6 16. d5 Bxc3 17. bxc3 exd5 18. Bb3 Rc8 19. Qd4 Re8 20. h3 Re4 21. Qd3 Qe7 22. Red1 Rd8 23. Bc2 Re8 24. f3 Qc5+ 25. Kh2 Bb5 26. Qxd5 Qxd5 27. Rxd5 Re2 28. Bb3 Bc6 29. Rd3 g6 30. Rad1 Kg7 31. Kg1 R8e3 32. R1d2 Rxd3 33. Rxd3 a5 34. Rd6 Be8 35. Rxb6 a4 36. Bd5 Rc2 37. Rb8 Bd7 38. Rb7 Bf5 39. Rxf7+ Kh8 40. Rc7 a3 41. g4 Bd3 42. Rc8+ Kg7 43. Rc7+ Kf6 44. Bb3 Rc1+ 45. Kf2 Ke5 46. Ke3 Bc2 47. Rb7 Bxb3 48. Rxb3 Rh1 49. Rxa3 Rxh3 50. Ra5+ Ke6 51. a4 Rh1 52. Ra6+ Kf7 53. a5 Rc1 54. Rc6 h5 55. gxh5 gxh5 56. a6 h4 57. a7 Rc2 58. a8=Q 1-0


[Site "https://www.chess.com"]

[Event "Titled Tuesday Blitz October 04 Late 2022"]
[White "Maksimovic, Bojan"]
[Black "Tristan, Leonardo"]
[WhiteFideId "14408120"]
[BlackFideId "113816"]
[WhiteElo "2447"]
[BlackElo "2446"]
[Result "1-0"]
[Round "08"]
[TimeControl "180+1"]
[Date "2022.10.04"]
[WhiteClock "0:00:14"]
[BlackClock "0:00:08"]

1. e4 d5 2. exd5 Qxd5 3. Nc3 Qa5 4. d4 Nf6 5. Nf3 Bf5 6. Bc4 e6 7. Bd2 Bb4 8. O-O Nc6 9. a3 Bxc3 10. Bxc3 Qb6 11. Qe2 O-O 12. h3 Rad8 13. Rfd1 Rfe8 14. Rd2 h6 15. Rad1 a6 16. Ne5 Ne4 17. Rd3 Nxe5 18. dxe5 Nxc3 19. Rxc3 Qxb2 20. Rb3 Rxd1+ 21. Qxd1 Qxe5 22. Rxb7 Qc5 23. Bxa6 Bxc2 24. Qd7 Re7 25. Qd8+ Kh7 26. Rb8 Qxa3 27. Bb7 Qd6 28. Qh8+ Kg6 29. Rg8 Qe5 30. Bc6 Qc3 31. h4 f6 32. Bf3 Qe1+ 33. Kh2 Qxf2 34. h5+ Kf5 35. Rxg7 Qh4+ 36. Kg1 Qe1+ 37. Kh2 Rxg7 38. Qxg7 Qh4+ 39. Kg1 Qd4+ 40. Kh2 Qf4+ 41. Kg1 Be4 42. Qh7+ Ke5 43. Qxc7+ Kd4 44. Qxf4 1-0


[Site "https://www.chess.com"]

[Event "Titled Tuesday Blitz October 04 Late 2022"]
[White "Martinez Alcantara, Jose Eduardo"]
[Black "Svane, Rasmus"]
[WhiteFideId "3805662"]
[BlackFideId "4657101"]
[WhiteElo "2703"]
[BlackElo "2674"]
[Result "0-1"]
[Round "08"]
[TimeControl "180+1"]
[Date "2022.10.04"]
[WhiteClock "0:00:16"]
[BlackClock "0:00:10"]

1. e4 c6 2. d4 d5 3. e5 Bf5 4. h4 h5 5. Bd3 Bxd3 6. Qxd3 Qa5+ 7. b4 Qa6 8. e6 Qxd3 9. cxd3 Nh6 10. Bxh6 gxh6 11. exf7+ Kxf7 12. Nf3 Nd7 13. Nbd2 e5 14. dxe5 Bxb4 15. Rb1 Bxd2+ 16. Kxd2 b6 17. Rhe1 Rae8 18. Nd4 Nxe5 19. f4 Ng6 20. g3 c5 21. Nb5 Rxe1 22. Rxe1 Kf6 23. Nc7 Rd8 24. d4 Rd7 25. Nb5 a6 26. Nc3 cxd4 27. Ne2 Ne7 28. Nxd4 Nf5 29. Ne2 Rg7 30. Rc1 Nxg3 31. Nd4 Ne4+ 32. Ke2 Rg2+ 33. Ke3 Rg3+ 34. Ke2 Rc3 35. Rg1 Ng3+ 36. Kd2 Ra3 37. Rc1 Rxa2+ 38. Kd1 Rf2 39. Rc6+ Kf7 40. Rc7+ Kf6 41. Rc6+ Ke7 42. Rc7+ Kd6 43. Rc6+ Kd7 44. Rxb6 Rxf4 45. Nb3 Rxh4 46. Rxh6 Rh1+ 47. Kd2 h4 48. Nc5+ Ke7 49. Nd3 h3 50. Nf2 Rh2 51. Ke1 a5 52. Rh7+ Kd6 53. Nxh3 a4 54. Rh6+ Kc5 55. Kd1 a3 56. Ra6 Rxh3 57. Rxa3 Rh1+ 58. Kd2 Ne4+ 59. Ke2 Kd6 60. Ra8 Ke5 61. Kf3 Rf1+ 62. Ke3 d4+ 63. Kd3 Rf3+ 64. Ke2 Re3+ 65. Kd1 Kd5 66. Rd8+ Kc4 67. Rc8+ Kd3 68. Kc1 Re1+ 69. Kb2 Nc3 70. Rh8 Re2+ 71. Kb3 Kd2 72. Rc8 Ne4 73. Rd8 d3 74. Kc4 Re3 75. Ra8 Ke2 76. Rh8 d2 77. Rh2+ Nf2 0-1


[Site "https://www.chess.com"]

[Event "Titled Tuesday Blitz October 04 Late 2022"]
[White "Melikyan, Gnel"]
[Black "Erdogdu, Mert"]
[WhiteFideId "54109990"]
[BlackFideId "6301495"]
[WhiteElo "2138"]
[BlackElo "2413"]
[Result "0-1"]
[Round "08"]
[TimeControl "180+1"]
[Date "2022.10.04"]
[WhiteClock "0:00:04"]
[BlackClock "0:00:30"]

1. e4 c5 2. Nf3 d6 3. d4 cxd4 4. Nxd4 Nf6 5. Nc3 a6 6. Be3 e6 7. g4 b5 8. Bg2 Bb7 9. g5 Nfd7 10. Qe2 Nb6 11. O-O-O N8d7 12. f4 Rc8 13. h4 Rxc3 14. bxc3 Qc7 15. Nb3 Na4 16. Rd3 Nxc3 17. Rxc3 Qxc3 18. Bd4 Qc7 19. Bb2 e5 20. f5 Nb6 21. Na5 Ba8 22. Rd1 Na4 23. Qd2 Be7 24. f6 gxf6 25. gxf6 Bxf6 26. Qxd6 Qxd6 27. Rxd6 Bxh4 28. Rxa6 O-O 29. Bxe5 Nc5 30. Rb6 Nd7 31. Rxb5 Nxe5 32. Rxe5 Rd8 33. Nc4 Bf6 34. Rf5 Bc3 35. e5 Bxg2 36. Rg5+ Kf8 37. Rxg2 Rd4 38. Nd6 Rf4 39. Kd1 Bxe5 40. Nb5 Rb4 41. Na7 Bc3 42. Ke2 Ra4 43. Kd3 Bf6 44. Nb5 Rxa2 45. Rf2 Be7 46. Re2 h5 47. c3 Ra1 48. Nd4 h4 49. Nf5 Bf6 50. Rh2 Ra3 51. Nxh4 Rxc3+ 52. Kd2 Ra3 53. Kd1 Ra1+ 54. Ke2 Ra2+ 0-1


[Site "https://www.chess.com"]

[Event "Titled Tuesday Blitz October 04 Late 2022"]
[White "Melkumyan, Hrant"]
[Black "Bluebaum, Matthias"]
[WhiteFideId "13302485"]
[BlackFideId "24651516"]
[WhiteElo "2604"]
[BlackElo "2633"]
[Result "0-1"]
[Round "08"]
[TimeControl "180+1"]
[Date "2022.10.04"]
[WhiteClock "0:00:03"]
[BlackClock "0:00:11"]

1. Nf3 d5 2. e3 c5 3. b3 Nf6 4. Bb2 g6 5. c4 dxc4 6. Bxc4 Bg7 7. O-O O-O 8. Be2 Nc6 9. d4 cxd4 10. Nxd4 Bd7 11. Nd2 Rc8 12. Bf3 Nxd4 13. Bxd4 Bc6 14. Nc4 b6 15. Rc1 Bxf3 16. Qxf3 Qd5 17. Rfd1 Qxf3 18. gxf3 Rc7 19. a4 Rfc8 20. Rc2 Nd7 21. Bxg7 Kxg7 22. Rb2 Nc5 23. Na3 a6 24. Kg2 h5 25. Rd4 Rc6 26. Nc4 Nxb3 27. Rxb3 Rxc4 28. Rxc4 Rxc4 29. Rxb6 Rxa4 30. f4 a5 31. Ra6 Ra2 32. h4 a4 33. Kf3 a3 34. Kg2 Ra1 35. Kf3 Kf8 36. Ra7 Ke8 37. Kg2 Kd8 38. Kf3 Ra2 39. Kg2 Ke8 40. Kf3 Kf8 41. Kg2 Kg7 42. Rxe7 Rb2 43. Ra7 a2 44. e4 Kf6 45. Kg3 Ke6 46. Ra6+ Kd7 47. f5 gxf5 48. exf5 f6 49. Kf3 Kc7 50. Ke4 Kb7 51. Ra3 Rxf2 52. Kd5 Re2 53. Kc5 Kc7 54. Ra7+ Kb8 55. Ra3 Kb7 56. Kb5 Kc7 57. Kc5 Kd7 58. Kd5 Rd2+ 59. Kc5 Rf2 60. Ra7+ Kc8 61. Kc6 Kb8 62. Ra3 Rc2+ 63. Kd6 Re2 64. Kc6 Rc2+ 65. Kd6 Kb7 66. Ke7 Rc7+ 67. Kxf6 Rc6+ 68. Kg7 Ra6 69. Rxa2 Rxa2 70. f6 Rg2+ 71. Kh7 Rf2 72. Kg7 Kc6 73. f7 Kd6 74. f8=Q+ Rxf8 75. Kxf8 Ke6 76. Kg7 Kf5 77. Kf7 Kg4 78. Ke6 Kxh4 79. Kf5 Kg3 0-1


[Site "https://www.chess.com"]